 Dungeon Crawl Stone Soup version 0.23.2-1-ga50397a (webtiles) character file.

Game seed: 7971440029346156681

218 Fang the Skirmisher (level 5, -2/34 HPs)
             Began as a Gargoyle Berserker on Apr 25, 2019.
             Was a Believer of Trog.
             Slain by an adder (4 damage)
             ... on level 4 of the Dungeon.
             The game lasted 00:02:20 (2963 turns).

Fang the Skirmisher (Gargoyle Berserker)            Turns: 2963, Time: 00:02:21

Health: -2/34      AC:  6    Str: 21    XL:     5   Next: 95%
Magic:  5/5        EV: 12    Int:  8    God:    Trog [**....]
Gold:   99         SH:  0    Dex:  9    Spells: 4/4 levels left

rFire    . . .     SeeInvis .   a - +0 hand axe
rCold    . . .     Gourm    .   (no shield)
rNeg     + . .     Faith    .   b - +0 animal skin
rPois    ∞         Spirit   .   (no helmet)
rElec    +         Reflect  .   (no cloak)
rCorr    .         Harm     .   (no gloves)
MR       .....                  (no boots)
Stlth    +.........             (no amulet)
HPRegen  0.11/turn              (no ring)
MPRegen  0.09/turn              (no ring)

@: berserk cooldown, starving, slowed, very slow
A: negative energy resistance 1, electricity resistance, unbreathing,
petrification resistance, rot immunity, AC +4
a: Berserk, Trog's Hand, Renounce Religion


You were on level 4 of the Dungeon.
You worshipped Trog.
Trog was pleased with you.
You were starving.

You visited 1 branch of the dungeon, and saw 4 of its levels.

You collected 99 gold pieces.

Inventory:

Hand Weapons
 a - a +0 hand axe (weapon)
Armour
 b - a +0 animal skin (worn)
Scrolls
 e - a scroll of teleportation {unknown}
 g - a scroll of blinking {unknown}
 i - a scroll of amnesia {unknown}
 m - a scroll of enchant weapon {unknown}
 n - 2 scrolls of enchant armour {unknown}
 p - 3 scrolls of random uselessness {unknown}
 q - a scroll of noise {unknown}
 r - 2 scrolls of remove curse {unknown}
 t - a scroll of magic mapping {unknown}
Potions
 d - 3 potions of agility {unknown}
 f - a potion of brilliance {unknown}
 h - 2 potions of cancellation {unknown}
 j - a potion of flight {unknown}
 k - a potion of curing {unknown}
 l - 2 potions of haste {unknown}
 o - a potion of might {unknown}
 s - a potion of lignification {unknown}
Comestibles
 c - 9 rations


   Skills:
 + Level 4.5 Fighting
 + Level 3.7 Axes
 + Level 3.7 Armour
 + Level 2.8 Dodging


You had 4 spell levels left.
You didn't know any spells.
Your spell library was empty.

Dungeon Overview and Level Annotations

Branches:
Dungeon (4/15)             Temple (0/1) D:4

Altars:
Wu Jian


Innate Abilities, Weirdness & Mutations

You are resistant to torment.
Your stone body is resilient. (AC +4)
You are immune to poison.
You resist negative energy. (rN+)
You are resistant to electric shocks. (rElec)
You can survive without breathing.
You are immune to petrification.
You are immune to rotting.


Message History

The wight hits you with a +3 trident of freezing.
* * * LOW HITPOINT WARNING * * *
The wight freezes you.
* * * LOW HITPOINT WARNING * * *
Things that are here:
a cursed +0 spear; a +0 robe You completely miss the wight.
You hit the adder. The adder misses you.
The wight hits you with a +3 trident of freezing.
* * * LOW HITPOINT WARNING * * *
The wight freezes you.
* * * LOW HITPOINT WARNING * * *
You closely miss the wight. You hit the adder but do no damage.
The adder bites you but does no damage.
You barely miss the wight. You hit the adder but do no damage.
The wight misses you. The adder barely misses you.
You closely miss the wight. You closely miss the adder.
You are no longer berserk.
You are exhausted.
You feel yourself slow down. The adder bites you.
You die...

# .. .# .####
#######....#
#..........
#.....# #..@z.#
#..#S#..#
..##..##.##..# .
.....##..)##....
........>.......
.....##...##....
..## ##.## ##.
#.# ...


You could see a wight and an adder.

Vanquished Creatures
  2 wights (D:4)
  An iguana (D:2)
  4 adders (D:2)
  A shadow imp (D:2)
  An ooze (D:1)
  2 worms (D:3)
  2 dart slugs
  A leopard gecko (D:2)
  An orc (D:3)
  A ball python (D:2)
  4 giant cockroaches
  5 goblins
  6 hobgoblins
  8 kobolds
  7 bats
  2 frilled lizards
  5 rats
53 creatures vanquished.

Notes
Turn   | Place    | Note
-------+----------+-------------------------------------------
     0 | D:1      | Fang the Gargoyle Berserker began the quest for the Orb.
     0 | D:1      | Reached XP level 1. HP: 14/14 MP: 1/1
   390 | D:1      | Reached XP level 2. HP: 19/19 MP: 2/2
   478 | D:1      | You fall through a shaft!
   480 | D:2      | Found an ornate altar of the Wu Jian Council.
   775 | D:2      | Reached XP level 3. HP: 23/23 MP: 3/3
  1140 | D:2      | Reached ** piety under Trog
  1140 | D:2      | Reached XP level 4. HP: 27/29 MP: 4/4
  1239 | D:2      | Reached skill level 4 in Fighting
  1957 | D:1      | Reached XP level 5. HP: 28/33 MP: 5/5
  2945 | D:4      | Found a staircase to the Ecumenical Temple.
  2963 | D:4      | Slain by an adder

Skill      XL: |  1  2  3  4 |
---------------+-------------+-----
Axes           | 3 |  3.7
Dodging        | 2 |  2.8
Armour         | 3 |  3.7
Fighting       | 4 |  4.5

Action                   |  1- 3 |  4- 6 || total
-------------------------+-------+-------++-------
Melee: Hand axe          |    70 |   101 ||   171
Invok: Berserk           |     2 |     3 ||     5
 Stab: Sleeping          |       |     1 ||     1
  Eat: Chunk             |     2 |     7 ||     9
Armor: Animal skin       |    24 |    26 ||    50
Dodge: Dodged            |    48 |    61 ||   109
